 Dungeon Crawl Stone Soup version 0.31-a0-1612-g4aaf141004 (webtiles) character file.

Game seed: 17563159408260564744

13900 Curundu the Severer (level 11, -7/97 HPs)
             Began as a Minotaur Berserker on Jan 9, 2024.
             Was a High Priest of Trog.
             Mangled by a skeletal warrior
             ... wielding a +0 mace
              (13 damage)
             ... on level 12 of the Dungeon.
             The game lasted 00:40:24 (11081 turns).

Curundu the Severer (Minotaur Berserker)           Turns: 11081, Time: 00:40:25

Health: -7/97      AC:  9    Str: 26    XL:     11   Next: 81%
Magic:  10/10      EV: 10    Int:  4    God:    Trog [*****.]
Gold:   718        SH:  7    Dex:  5    Spells: 10/10 levels left

rFire   + . .        x - +2 war axe (vamp)
rCold   . . .        t - +2 buckler
rNeg    . . .        h - +0 scale mail
rPois   +            (helmet restricted)
rElec   .            (no cloak)
rCorr   .            (no gloves)
SInv    +            l - +0 pair of boots
Will    ++...        (no amulet) Stlth
                     o - ring "Utunlib" {rPois rF+ Dex-5 Slay+2 SInv}
HPRegen 1.36/turn    (no ring)
MPRegen 0.12/turn

%: no passive effects
@: strong-willed (expiring), on berserk cooldown, regenerating (expiring),
slowed, very slow
A: horns 2, retaliatory headbutt
a: Renounce Religion, Berserk, Trog's Hand, Brothers in Arms


You were on level 12 of the Dungeon.
You worshipped Trog.
Trog was extremely pleased with you.
You visited 1 branch of the dungeon, and saw 12 of its levels.

You collected 796 gold pieces.
You spent 78 gold pieces at shops.

Inventory:

Hand Weapons
 d - a +2 hand axe of draining
 x - a +2 vampiric war axe (weapon)
Missiles
 r - 10 boomerangs (quivered)
 s - 3 curare-tipped darts
Armour
 h - a +0 scale mail (worn)
 l - a +0 pair of boots (worn)
 t - a +2 buckler (worn)
Jewellery
 a - a ring of see invisible
 o - the ring "Utunlib" (left hand) {rPois rF+ Dex-5 Slay+2 SInv}
   (You found it on level 5 of the Dungeon)

   [ring of protection from fire]

   Dex-5:     It affects your dexterity (-5).
   Slay+2:    It affects your accuracy & damage with ranged weapons and melee
   (+2).
   rF+:       It protects you from fire.
   rPois:     It protects you from poison SInv: It lets you see invisible.
 p - a ring of protection from fire
 u - a ring of protection from cold
 C - an amulet of faith
Wands
 c - a wand of quicksilver (10)
 e - a wand of roots (3)
 A - a wand of paralysis (16)
 D - a wand of polymorph (4)
Scrolls
 b - 5 scrolls of identify
 f - 4 scrolls of teleportation
 g - 3 scrolls of immolation
 i - 2 scrolls of poison
 v - 3 scrolls of vulnerability
 y - 2 scrolls of revelation
 B - a scroll of fog
Potions
 j - a potion of resistance
 k - 6 potions of curing
 m - a potion of enlightenment
 n - a potion of invisibility
 q - 2 potions of haste
 w - a potion of heal wounds
 z - 2 potions of brilliance
 E - a potion of degeneration {unknown}


   Skills:
 + Level 9.2 Fighting
 - Level 17.8 Axes
 + Level 8.6 Armour
 - Level 2.6 Dodging
 + Level 8.0 Shields


You had 10 spell levels left.
You didn't know any spells.
Your spell library was empty.

Dungeon Overview and Level Annotations

Branches:
Dungeon (12/15)            Temple (0/1) D:5            Lair (0/5) D:8
    Orc: D:9-12

Altars:
Gozag
Hepliaklqana
Kikubaaqudgha
Okawaru
Uskayaw
Xom
Yredelemnul

Shops:
D:4 ?   D:6 =


Innate Abilities, Weirdness & Mutations

You have a pair of horns on your head.
You reflexively headbutt those who attack you in melee.


Message History

You closely miss the skeletal warrior.
Your headbutt misses the skeletal warrior.
The skeletal warrior is moderately damaged.
The skeletal warrior hits you from afar with a +0 halberd.
The skeletal warrior closely misses you.
You barely miss the skeletal warrior.
The skeletal warrior is moderately damaged.
You slice the skeletal warrior!!
The skeletal warrior is severely damaged.
You block the skeletal warrior's attack.
The skeletal warrior hits you with a +0 mace.
You hit the skeletal warrior.
The skeletal warrior is severely damaged.
You barely miss the skeletal warrior.
The skeletal warrior is severely damaged.
The skeletal warrior hits you from afar with a +0 halberd.
The skeletal warrior hits you but does no damage.
You barely miss the skeletal warrior.
You headbutt the skeletal warrior, but do no damage.
The skeletal warrior is severely damaged.
You hit the skeletal warrior but do no damage.
Your headbutt misses the skeletal warrior.
The skeletal warrior is severely damaged.
You are no longer berserk.
You are exhausted.
You feel yourself slow down.
The skeletal warrior hits you from afar with a +0 halberd!
The skeletal warrior hits you with a +0 mace!!
* * * LOW HITPOINT WARNING * * *
You hit the skeletal warrior but do no damage.
The skeletal warrior is severely damaged.
The skeletal warrior hits you from afar with a +0 halberd!
* * * LOW HITPOINT WARNING * * *
The skeletal warrior hits you with a +0 mace!
* * * LOW HITPOINT WARNING * * *
You slash the skeletal warrior!
The skeletal warrior is almost destroyed.
You block the skeletal warrior's attack.
The skeletal warrior hits you with a +0 mace!
You die...

# #.# ... #.#
.!...########.#
.....zz@....#.#
.....######.#.#
... #.#.# ..
######.#.########
# ...
+..........^.....
# ....
######...########
######.... ##.###
........# ##..#
........#
#####...#


You could see 2 skeletal warriors.

Vanquished Creatures
  4 two-headed ogres
  2 skeletal warriors (D:12)
  A deep elf pyromancer (D:12)
  An ugly thing (D:12)
  Maurice (D:8)
  A gargoyle (D:11)
  3 unseen horrors
  A kobold demonologist (D:11)
  3 trolls
  Grinder (D:4)
  A wraith (D:12)
  A shadow (D:10)
  4 wyverns
  10 yaks
  A basilisk (D:8)
  A steam dragon (D:8)
  Grum (D:8)
  2 vampire mosquitoes (D:11)
  2 acid dragons
  2 water moccasins (D:7)
  4 orc warriors
  A sky beast (D:7)
  A black bear (D:8)
  6 wolves (D:8)
  6 centaurs
  2 phantoms (D:5)
  2 kobold brigands (D:8)
  Blork the orc (D:4)
  4 scorpions
  8 killer bees (D:8)
  4 howler monkeys
  13 orc priests
  2 bombardier beetles
  A gnoll bouda (D:6)
  2 sleepcaps
  2 iguanas
  12 orc wizards
  Robin (D:4)
  3 gnolls (D:6)
  2 adders
  A white imp (D:7)
  3 ribbon worms
  2 dart slugs
  46 orcs
  3 endoplasms (D:1)
  7 giant cockroaches
  13 goblins
  12 hobgoblins
  14 jackals
  A quokka (D:3)
  13 ball pythons
  2 bats (D:1)
  A frilled lizard (D:1)
  17 kobolds
  4 rats
259 creatures vanquished.

Notes
Turn   | Place    | Note
-------+----------+-------------------------------------------
     0 | D:1      | Curundu the Minotaur Berserker began the quest for the Orb.
     0 | D:1      | Reached XP level 1. HP: 19/19 MP: 0/0
    25 | D:1      | Found a faded altar of an unknown god.
   130 | D:1      | Reached XP level 2. HP: 22/27 MP: 1/1
   344 | D:1      | Reached skill level 4 in Axes
   502 | D:1      | Reached XP level 3. HP: 33/33 MP: 2/2
   567 | D:1      | Reached ** piety under Trog
  1610 | D:3      | Reached skill level 5 in Axes
  1920 | D:3      | Reached XP level 4. HP: 36/40 MP: 3/3
  2065 | D:3      | Reached skill level 6 in Axes
  2520 | D:4      | Noticed Blork the orc
  2525 | D:4      | Reached XP level 5. HP: 38/46 MP: 4/4
  2533 | D:4      | Killed Blork the orc
  2534 | D:4      | Reached skill level 7 in Axes
  2632 | D:4      | Identified the +2 helmet of Mumblety Peg {-Cast +Blink
                  | Str-4 Stlth+}
  2632 | D:4      | Noticed Robin
  2680 | D:4      | Killed Robin
  2680 | D:4      | Reached *** piety under Trog
  3001 | D:4      | Noticed Grinder
  3017 | D:4      | Killed Grinder
  3018 | D:4      | Reached skill level 8 in Axes
  3018 | D:4      | Reached XP level 6. HP: 42/52 MP: 5/5
  3126 | D:4      | Found an ancient bone altar of Kikubaaqudgha.
  3134 | D:4      | Reached skill level 9 in Axes
  3191 | D:4      | Found Quanwecih's Magic Scroll Shoppe.
  3194 | D:4      | Bought a scroll of identify for 26 gold pieces
  3194 | D:4      | Bought a scroll of identify for 26 gold pieces
  3194 | D:4      | Bought a scroll of identify for 26 gold pieces
  3311 | D:5      | Entered Level 5 of the Dungeon
  3311 | D:5      | Found a staircase to the Ecumenical Temple.
  3318 | D:5      | Identified the ring "Utunlib" {rPois rF+ Dex-5 Slay+2 SInv}
  3344 | D:5      | Found an iron altar of Okawaru.
  3466 | D:5      | Reached XP level 7. HP: 40/58 MP: 6/6
  3821 | D:5      | Reached skill level 10 in Axes
  4450 | D:6      | Reached skill level 11 in Axes
  4543 | D:6      | Reached XP level 8. HP: 60/66 MP: 7/7
  4722 | D:6      | Found the +7 staff of the Meek {protect, meekguard}
  4821 | D:6      | Found Wedioc's Jewellery Shoppe.
  4923 | D:6      | Found a shimmering altar of Xom.
  4924 | D:6      | Found a hazy altar of Hepliaklqana.
  4925 | D:6      | Noticed a spectral ugly thing
  4980 | D:6      | Reached skill level 12 in Axes
  5480 | D:6      | Reached **** piety under Trog
  5736 | D:7      | Found a hide-covered altar of Uskayaw.
  5783 | D:7      | Reached skill level 13 in Axes
  6170 | D:7      | Reached skill level 14 in Axes
  6170 | D:7      | Reached XP level 9. HP: 71/71 MP: 8/8
  6315 | D:8      | Noticed Grum
  6348 | D:8      | Reached skill level 15 in Axes
  6358 | D:8      | Killed Grum
  6594 | D:8      | Reached skill level 16 in Axes
  6681 | D:8      | Noticed Maurice
  6704 | D:8      | Maurice stole a +2 hand axe of venom
  6721 | D:8      | Maurice stole a ring of protection from fire
  6725 | D:8      | Killed Maurice
  6726 | D:8      | Reached skill level 17 in Axes
  6726 | D:8      | Reached XP level 10. HP: 63/78 MP: 4/9
  6995 | D:8      | Found a staircase to the Lair.
  7050 | D:8      | Found an opulent altar of Gozag.
  7623 | D:9      | Reached ***** piety under Trog
  7630 | D:9      | Reached skill level 1 in Shields
  7776 | D:9      | Reached skill level 5 in Fighting
  7918 | D:9      | Noticed a two-headed ogre
  7929 | D:9      | Killed a two-headed ogre
  7930 | D:9      | Reached skill level 5 in Armour
  8157 | D:10     | Entered Level 10 of the Dungeon
  8212 | D:10     | Noticed a two-headed ogre
  8221 | D:10     | Killed a two-headed ogre
  8546 | D:10     | Reached XP level 11. HP: 80/91 MP: 10/10
  8837 | D:10     | Noticed a two-headed ogre
  8845 | D:10     | Killed a two-headed ogre
  8846 | D:10     | Reached skill level 5 in Shields
  8899 | D:10     | Found a basalt altar of Yredelemnul.
  9330 | D:11     | Identified the +5 short sword "Tontimmi" {flame, rElec rC++
                  | rCorr Int-5}
  9451 | D:11     | Noticed a two-headed ogre
  9462 | D:11     | Killed a two-headed ogre
 10328 | D:12     | Noticed a deep elf pyromancer
 10335 | D:12     | Killed a deep elf pyromancer
 10651 | D:12     | Noticed a purple ugly thing
 10661 | D:12     | Killed a purple ugly thing
 11046 | D:12     | Noticed a skeletal warrior
 11047 | D:12     | Noticed a skeletal warrior
 11054 | D:12     | Noticed a skeletal warrior
 11061 | D:12     | Killed a skeletal warrior
 11062 | D:12     | Noticed a skeletal warrior
 11067 | D:12     | Killed a skeletal warrior
 11080 | D:12     | HP: 4/97 [skeletal warrior/+0 mace (14)]
 11081 | D:12     | Mangled by a skeletal warrior

Illustrated notes

Levels and vault maps discovered:
D:1:      minmay_arrival_glassed_features, layout_basic,
          hellmonk_ecumenical_altar_pennies_from_heaven, columned_hall_lemuel,
          moated_statue, st_stairs_1, nicolae_the_louvre
D:2:      layout_loops_ring
D:3:      layout_loops_cross
D:4:      layout_rooms, kennysheep_mini, serial_shops, nicolae_shop_rolled_up,
          minmay_misc_feat_secret_circle, uniq_robin, uniq_grinder,
          uniq_blork_the_orc
D:5:      layout_basic, okawaru_trees_2, minmay_temple_entry_offerings
D:6:      layout_loops_corners, regret_index_temple_of_mockery, serial_shops,
          nicolae_shop_gaudy_bauble, roderic_lattice_a, chequers_garden,
          minmay_holes, minmay_hedge_maze, pf_guarded_unrand_meek
D:7:      layout_cave_pools, lemuel_doored_altar, kb_lookout_dungeons_type
D:8:      layout_basic, grunt_gozag_statues, minmay_lair_entry_grove,
          enter_bailey_5, serial_park_tiny_1, uniq_maurice, uniq_grum
D:9:      layout_rooms
D:10:     layout_cave_pods, marbit_many_paths,
          serial_library_regret_index_branch_corner
D:11:     layout_long_grid
D:12:     layout_basic, david_orc_2

Skill      XL: |  1  2  3  4  5  6  7  8  9 10 11 |
---------------+----------------------------------+-----
Axes           | 4 5 6 8 9 11 14 17 | 17.8
Fighting       | 6 9 |  9.2
Armour         | 5 8 |  8.6
Shields        | 4 8 |  8.0
Dodging        | |  2.6

Action                     |  1- 3 |  4- 6 |  7- 9 | 10-12 || total
---------------------------+-------+-------+-------+-------++-------
  Melee: Hand axe          |    28 |    82 |    99 |       ||   209
         Headbutt          |    11 |    10 |    54 |    60 ||   135
         Whip              |    66 |       |       |       ||    66
         War axe           |       |       |   204 |   291 ||   495
  Throw: Boomerang         |       |       |     5 |     4 ||     9
 Invoke: Trog's Hand       |       |     3 |     2 |     3 ||     8
         Berserk           |       |     1 |     2 |     5 ||     8
    Use: Scroll            |     5 |     5 |     2 |     8 ||    20
 Armour: Ring mail         |    42 |       |       |       ||    42
         Scale mail        |    18 |    63 |   142 |   216 ||   439
  Dodge: Dodged            |    79 |    38 |    87 |   109 ||   313
  Block: Buckler           |       |       |    37 |    80 ||   117

Table legend: (Time is in decaauts)
 A = Elapsed time spent in this place.
 B = Non-inter-level travel time spent in this place.
 C = Inter-level travel time spent in this place.
 D = Time resting spent in this place.
 E = Time spent auto-exploring this place.
 F = Levels seen in this place.
 G = Mean time per level.
                   A        B        C        D        E       F      G
               +--------+--------+--------+--------+--------+-----+--------+
         Total |  11028 |  11026 |      2 |   1427 |   7269 |  12 |  919.0 |
       Dungeon |  11028 |  11026 |      2 |   1427 |   7269 |  12 |  919.0 |
               +--------+--------+--------+--------+--------+-----+--------+

Top non-repeatable levels by time:
     D:6: 1381 daAuts
     D:8: 1295 daAuts
    D:10: 1152 daAuts
     D:1: 1014 daAuts
    D:11: 1008 daAuts
     D:3: 907 daAuts
     D:5: 894 daAuts
     D:4: 807 daAuts
    D:12: 766 daAuts
     D:7: 655 daAuts
     D:2: 594 daAuts
     D:9: 548 daAuts
